Map: Overgrowth LE (Void)

Players

Scarlett - Winner!

  • Race: Zerg Zerg
  • Spawn Location: 1:00

Zanster

  • Race: Zerg Zerg
  • Spawn Location: 7:00

Event: NationWars IV

VOD

Have the link to the VOD?

Description

Time

  • Played on: Jan. 4, 2017, 2:52 p.m.
  • Length: 8:33

All games in this series

Show
View Real Time Build Order
Export as new Build Order

Scarlett Zerg - Winner!

Build Orders: Pool First 

Get SALT Encoding   

  12  0:17  Spawning Pool  
  11  0:21  Drone  
  11  0:26  Drone  
  13  0:33  Drone  
  14  0:40  Overlord  
  14  1:04  Zergling x4  
  16  1:05  Zergling x2  
  17  1:15  Zergling x2  
  18  1:19  Hatchery  
  17  1:27  Zergling x2  
  17  1:31  Queen  
  20  1:37  Zergling x2  
  21  1:48  Overlord  
  21  1:59  Drone  
  22  2:07  Queen  
  23  2:20  Zergling x4  
  25  2:30  Queen  
  25  2:32  Drone  
  27  2:41  Drone x2  
  27  2:42  Queen  
  30  2:50  Drone x2  
  31  2:54  Drone x2  
  33  3:03  Overlord  
  33  3:21  Overlord, Drone x3  
  33  3:22  Drone x2  
  38  3:30  Drone x2  
  38  3:35  Drone  
  38  3:40  Drone x4  
  43  3:42  Extractor  
  43  3:45  Extractor  
  41  3:52  Evolution Chamber  
  41  3:53  Roach Warren  
  41  3:55  Evolution Chamber  
  38  3:57  Drone x2  
  40  4:08  Drone  
  40  4:09  Drone x4  
  46  4:23  Overlord  
  46  4:29  Metabolic Boost  
  46  4:33  Overlord  
  46  4:34  Overlord, Drone x2  
  46  4:35  Overlord  
  46  4:38  Overlord  
  48  4:40  Roach x2  
  48  4:43  Roach  
  54  4:46  Roach  
  56  5:00  Roach x2  
  56  5:05  Roach x2  
  56  5:06  Zergling x10  
  69  5:12  Roach  
  71  5:15  Queen  
  71  5:17  Roach  
  75  5:23  Roach  
  77  5:28  Roach  
  79  5:38  Zergling x8, Roach x3  
  89  5:45  Zergling x2  
  90  5:55  Zergling x4  
  75  6:05  Baneling Nest, Zergling x8, Roach x3  
  75  6:20  Zergling x2, Roach  
  75  6:22  Queen x2  
  82  6:28  Roach x2  
  82  6:31  Extractor  
  85  6:35  Roach x3  
  85  6:36  Overlord x3  
  91  6:49  Evolution Chamber  
  91  6:51  Baneling  
  91  6:52  Baneling x4  
  90  6:57  Zergling x8  
  90  6:59  Zergling x8  
  98  7:05  Zergling x8  
  100  7:17  Baneling x5  
  92  7:23  Zergling x6  
  92  7:27  Zergling x8  
  99  7:33  Baneling x7  
  99  7:34  Zergling x2  
  100  7:42  Zergling x8  
  104  7:47  Baneling x4, Evolution Chamber  
  104  7:49  Zergling x2  
  104  8:05  Zergling x10  
Show
View Real Time Build Order
Export as new Build Order

Zanster Zerg 

Build Orders: Pool First 

Get SALT Encoding   

  12  0:01  Drone  
  13  0:13  Overlord  
  13  0:17  Drone  
  14  0:32  Drone x2  
  16  0:35  Drone  
  17  0:46  Spawning Pool, Drone  
  17  0:56  Drone  
  18  1:01  Extractor  
  17  1:08  Drone  
  18  1:17  Hatchery  
  18  1:18  Drone  
  18  1:30  Drone  
  19  1:33  Queen  
  19  1:39  Zergling x2  
  22  1:51  Overlord  
  22  2:02  Baneling Nest  
  22  2:03  Zergling x2  
  22  2:14  Zergling x2  
  25  2:22  Spine Crawler  
  21  2:30  Metabolic Boost  
  23  2:38  Zergling x4  
  23  2:42  Drone x2  
  23  2:43  Drone x2  
  27  2:55  Zergling x2  
  27  3:10  Extractor  
  27  3:16  Zergling x2  
  27  3:17  Zergling x2, Hatchery  
  27  3:19  Evolution Chamber  
  26  3:26  Overlord  
  26  3:27  Drone  
  26  3:28  Drone x2  
  29  3:39  Overlord  
  29  3:44  Overlord  
  29  3:46  Zerg Melee Weapons Level 1  
  29  4:06  Hatchery  
  29  4:08  Drone  
  29  4:09  Drone  
  30  4:15  Drone  
  30  4:20  Queen  
  32  4:28  Zergling x4  
  34  4:34  Zergling x6  
  37  4:39  Zergling x2  
  37  4:43  Zergling x2  
  39  4:51  Zergling x8  
  43  4:54  Zergling x2  
  44  5:04  Overlord  
  44  5:13  Zergling x6  
  47  5:20  Queen  
  49  5:23  Zergling x6  
  49  5:26  Zergling x2  
  53  5:36  Zergling x4  
  53  5:40  Zergling x2  
  56  5:43  Overlord  
  54  5:51  Zergling x6  
  53  6:01  Zergling x6  
  48  6:08  Drone x3  
  50  6:12  Drone x2  
  45  6:19  Zergling x6  
  45  6:23  Zergling x4  
  49  6:34  Zergling x12  
  55  6:41  Drone  
  56  6:48  Overlord  
  56  6:52  Drone x7  
  64  6:54  Drone  
  64  6:58  Overlord  
  63  7:04  Extractor  
  63  7:07  Zergling x4  
  64  7:14  Zergling x16  
  64  7:15  Zergling x2  
  60  7:24  Zergling x2  
  60  7:29  Extractor  
  55  7:33  Zergling x2, Roach Warren  
  51  7:40  Zergling x4  
  53  7:48  Overlord  
  53  7:54  Zergling x14  
Tags
 
Add a new tag
Caveats
  • Supply blocks, unpowered buildings, or Contaminate may cause inaccurate times.
  • Supply counts are checked every 10 seconds.